 Dungeon Crawl Stone Soup version 0.27.1-1-g398f81649c (webtiles) character file.

Game seed: 10414577470268988604

56958 pokedragonboy the Severer (level 15, -16/122 HPs)
             Began as a Formicid Fighter on Sept 11, 2021.
             Was the Champion of Cheibriados.
             Demolished by a catoblepas (22 damage)
             ... on level 6 of the Lair of Beasts.
             The game lasted 01:12:51 (20188 turns).

pokedragonboy the Severer (Formicid Fighter)       Turns: 20188, Time: 01:12:51

Health: -16/122    AC: 21    Str: 39    XL:     15   Next: 24%
Magic:  0/24       EV: 10    Int: 32    God:    Cheibriados [******]
Gold:   1326       SH: 15    Dex: 25    Spells: 19/26 levels left

rFire    . . .     SeeInvis +   a - +0 battleaxe
rCold    . . .     Faith    .   c - +0 kite shield
rNeg     + . .     Spirit   +   v - +0 pearl dragon scales
rPois    .         Reflect  .   (helmet unavailable)
rElec    .         Harm     .   k - +0 cloak
rCorr    .         Rampage  .   g - +0 pair of gloves
Will     +....                  w - +1 pair of boots
Stlth    ..........             F - amulet of guardian spirit
HPRegen  0.30/turn              P - +4 ring of slaying
MPRegen  0.19/turn              L - +6 ring of intelligence

@: very slow
A: permanent stasis, dig shafts and tunnels, antennae 3, four strong arms
a: Dig, Shaft Self, Renounce Religion, Bend Time, Temporal Distortion, Slouch,
Step From Time


You were on level 6 of the Lair of Beasts.
You worshipped Cheibriados.
Cheibriados was exalted by your worship.
You visited 3 branches of the dungeon, and saw 16 of its levels.
You also visited: Sewer, Ossuary and Gauntlet.

You collected 1326 gold pieces.

Inventory:

Hand Weapons
 a - a +0 battleaxe (weapon)
 b - a +0 hand axe of flaming
Missiles
 z - 3 throwing nets
 Y - 7 javelins (quivered)
Armour
 c - a +0 kite shield (worn)
 g - a +0 pair of gloves (worn)
 k - a +0 cloak (worn)
 v - +0 pearl dragon scales (worn)
 w - a +1 pair of boots (worn)
 Z - a +0 tower shield
Jewellery
 m - a +4 ring of evasion
 F - an amulet of guardian spirit (around neck)
 L - a +6 ring of intelligence (right hand)
 P - a +4 ring of slaying (left hand)
Wands
 i - a wand of mindburst (8)
 j - a wand of digging (3)
 r - a wand of charming (5)
 J - a wand of iceblast (17)
 T - a wand of flame (35)
 U - a wand of acid (11)
Scrolls
 e - a scroll of brand weapon
 l - a scroll of enchant weapon
 s - 4 scrolls of fog
 u - 2 scrolls of silence
 A - a scroll of amnesia
 D - 2 scrolls of magic mapping
 E - 5 scrolls of vulnerability
 G - a scroll of enchant armour {unknown}
 I - a scroll of immolation {unknown}
 O - 3 scrolls of torment
 Q - a scroll of summoning {unknown}
 S - a scroll of fear
Potions
 d - 2 potions of might
 f - a potion of invisibility
 h - 3 potions of resistance
 o - a potion of berserk rage {unknown}
 p - 5 potions of curing
 t - a potion of degeneration {unknown}
 x - 2 potions of flight {unknown}
 B - 4 potions of lignification
 C - 2 potions of brilliance
 H - 4 potions of ambrosia
Miscellaneous
 X - a phial of floods


   Skills:
 + Level 12.8 Fighting
 * Level 15.6 Axes
 + Level 12.8 Armour
 - Level 9.0 Shields
 - Level 6.0 Spellcasting
 - Level 6.0 Transmutations
 * Level 5.4 Invocations


You had 19 spell levels left.
You knew the following spells:

 Your Spells              Type           Power      Damage    Failure   Level
a - Wereblood             Tmut           48%        N/A       1%          2
b - Corona                Hex            10%        N/A       8%          1
c - Passage of Golubria   Tloc           N/A        N/A       58%         4

Your spell library contained the following spells:

 Spells                   Type           Power      Damage    Failure   Level
 Foxfire                  Conj/Fire      36%        2x1d5     8%          1
 Magic Dart               Conj           36%        1d4       8%          1
 Ignite Poison            Fire/Tmut/Pois 22%        N/A       10%         3
 Ensorcelled Hibernation  Hex/Ice        18%        N/A       12%         2
 Poisonous Vapours        Pois/Air       18%        N/A       12%         2
 Sublimation of Blood     Necr           4%         N/A       12%         2
 Conjure Flame            Conj/Fire      9%         6-21      22%         3
 Dazzling Flash           Conj/Hex       18%        N/A       22%         3
 Inner Flame              Hex/Fire       9%         N/A       22%         3
 Lesser Beckoning         Tloc           4%         N/A       22%         3
 Mephitic Cloud           Conj/Pois/Air  9%         N/A       22%         3
 Tukima's Dance           Hex            9%         N/A       22%         3
 Irradiate                Conj/Tmut      14%        3d18      52%         5
 Yara's Violent Unravell  Hex/Tmut       14%        3d7       52%         5
 Iskenderun's Mystic Bla  Conj/Tloc      9%         2d4       58%         4
 Summon Lightning Spire   Summ/Air       9%         N/A       58%         4
 Bolt of Magma            Conj/Fire/Erth 4%         4d5       91%         5
 Manifold Assault         Tloc           9%         N/A       91%         5
 Silence                  Hex/Air        4%         N/A       91%         5
 Starburst                Conj/Fire      4%         6d4       100%        6
 Summon Hydra             Summ           4%         N/A       100%        7
 Fire Storm               Conj/Fire      4%         8d1       100%        9
 Blink                    Tloc           Unusable   N/A       N/A         2

Dungeon Overview and Level Annotations

Branches:
Dungeon (9/15)             Temple (1/1) D:5            Lair (6/6) D:8
 Shoals (0/4) Lair:2        Snake (0/4) Lair:2        Slime (0/5) Lair:6
  Sewer (visited)         Ossuary (visited)         Gauntlet (visited)
    Orc: D:9-12

Altars:
Ashenzari
Cheibriados
Dithmenos
Elyvilon
Fedhas
Gozag
Hepliaklqana
Kikubaaqudgha
Makhleb
Nemelex Xobeh
Okawaru
Qazlal
Ru
Sif Muna
Trog
Uskayaw
Vehumet
Wu Jian
Xom
Yredelemnul
Zin
The Shining One
Jiyva

Shops:
D:1 (

Annotations:
D:4 2 transporters, nxtlvl's ghost, amateur TrAK
D:6 exclusion: statue


Innate Abilities, Weirdness & Mutations

You cannot be hasted, slowed, berserked, paralysed or teleported.
You can dig through walls and to a lower floor.
You have a pair of large antennae on your head. (SInv)
Your four strong arms can wield two-handed weapons with a shield.


Message History

The catoblepas gores you! x2
* * * LOW HITPOINT WARNING * * *
The catoblepas gores you!
* * * LOW HITPOINT WARNING * * *
You turn to flesh and can move again.
You feel much better.
The catoblepas breathes a plume of calcifying dust at you.
The blast of calcifying dust hits you but does no damage.
The catoblepas breathes a plume of calcifying dust at you.
The blast of calcifying dust hits you but does no damage.
The catoblepas breathes a plume of calcifying dust at you.
The blast of calcifying dust hits you but does no damage.
You see here a death yak corpse.
The catoblepas gores you but does no damage.
You block the catoblepas's attack.
You hit the catoblepas but do no damage.
The catoblepas is heavily wounded.
You block the catoblepas's attack.
You barely miss the catoblepas.
The catoblepas is heavily wounded.
You block the catoblepas's attack.
You slice the catoblepas!!
The catoblepas is almost dead.
The catoblepas breathes a plume of calcifying dust at you.
The blast of calcifying dust hits you!
The catoblepas breathes a plume of calcifying dust at you.
The blast of calcifying dust hits you. The catoblepas gores you!!
* * * LOW HITPOINT WARNING * * *
The catoblepas gores you!
* * * LOW HITPOINT WARNING * * *
The catoblepas gores you but does no damage.
You feel better. The catoblepas gores you!
* * * LOW HITPOINT WARNING * * *
Okay, then.
A catoblepas is nearby!
As you read the scroll of fear, it crumbles to dust.
You assume a fearsome visage.
The catoblepas resists with some effort.
The catoblepas gores you!!
You die...

#######.......# #..
##.......######
####......P..#.##.
#..##.(.....##....
###.................
#.#.§.....[.........
#††.................
##Y..§§.§§..........
#.@................
..........................
...|.........###..........
...........### #..........
..........## ...........
..........# #...........
#.#.......# ###.......#
###.....|.#


You could see a catoblepas.

Vanquished Creatures
  A minotaur (Gauntlet)
  A fire dragon (Lair:6)
  13 hydras
  Fannar (Lair:3)
  A two-headed ogre (D:8)
  12 death yaks
  2 oklob plants
  2 lindwurms (Lair:6)
  A necromancer (Gauntlet)
  3 merfolk sirens (Lair:2)
  4 elephants (Lair:6)
  Joseph (D:7)
  5 torpor snails (Lair:6)
  7 black mambas
  15 cane toads
  4 rime drakes
  11 komodo dragons
  A merfolk (Lair:2)
  3 polar bears
  3 tyrant leeches (Lair:6)
  7 hornets (Lair:6)
  6 dream sheep (Lair:6)
  18 blink frogs
  2 centaur simulacra (Gauntlet)
  A spriggan (Lair:5)
  39 yaks
  3 wyverns
  5 basilisks
  6 humans (D:8)
  21 water moccasins
  3 ice beasts
  An ice dragon simulacrum (Gauntlet)
  2 sky beasts
  3 wolves
  5 centaurs
  2 phantoms
  9 bullfrogs
  2 kobold brigands (Sewer)
  2 scorpions
  A gnoll shaman (D:4)
  A hornet simulacrum (Gauntlet)
  4 killer bees (D:7)
  4 wights (D:8)
  A howler monkey (D:6)
  7 centaur zombies (Ossuary)
  A bullfrog zombie (D:6)
  A jelly (D:5)
  2 human zombies (Ossuary)
  An iron imp (D:4)
  2 orc priests (D:4)
  2 bullfrog skeletons (D:5)
  5 iguanas
  A scorpion zombie (D:5)
  An orc wizard (D:7)
  A killer bee zombie (D:8)
  2 hound zombies (Ossuary)
  3 mummies (Ossuary)
  11 gnolls
  9 adders
  A river rat (D:6)
  2 shadow imps
  4 white imps
  2 ufetubi
  4 adder zombies
  A worm (D:6)
  A dart slug (D:1)
  13 orcs
  6 endoplasms
  6 giant cockroaches
  9 goblins
  7 hobgoblins
  3 jackals (D:3)
  24 kobolds
  8 quokkas
  12 ball pythons
  7 bats
  5 frilled lizards
  A gnoll zombie (Ossuary)
  3 goblin zombies (Ossuary)
  3 hobgoblin zombies (Ossuary)
  A jackal zombie (Ossuary)
  4 kobold zombies (Ossuary)
  An orc zombie (Ossuary)
  5 quokka zombies (Ossuary)
  8 rats
  3 rat zombies (Ossuary)
432 creatures vanquished.

Vanquished Creatures (others)
  An ogre (D:4)
  A bush (Lair:1)
  38 fungi
  84 plants
  7 toadstools (D:1)
  14 withered plants (Gauntlet)
145 creatures vanquished.

Grand Total: 577 creatures vanquished

Notes
Turn   | Place    | Note
-------+----------+-------------------------------------------
     0 | D:1      | pokedragonboy the Formicid Fighter began the quest for the
                  | Orb.
     0 | D:1      | Reached XP level 1. HP: 18/18 MP: 1/1
   161 | D:1      | Found Xuakkug's Weapon Emporium.
   201 | D:1      | Reached XP level 2. HP: 24/24 MP: 2/2
   479 | D:1      | Reached XP level 3. HP: 26/29 MP: 3/3
  1350 | D:2      | Reached XP level 4. HP: 37/37 MP: 4/4
  1355 | D:2      | Reached skill level 3 in Axes
  1749 | D:2      | You fall into a shaft and drop 1 floor!
  2238 | D:3      | Reached XP level 5. HP: 38/42 MP: 5/5
  2408 | D:3      | Found a broken altar of Ashenzari.
  2740 | D:3      | Found a hide-covered altar of Uskayaw.
  3053 | D:4      | Found a transporter.
  3054 | D:4      | Noticed nxtlvl's ghost (amateur TrAK)
  3062 | D:4      | Identified the +8 dire flail of Ointment {protect, rC+
                  | Dex+3}
  3062 | D:4      | Noticed an ogre
  3074 | D:4      | Found a transporter.
  3101 | D:4      | Reached XP level 6. HP: 48/48 MP: 6/6
  3104 | D:4      | Learned a level 2 spell: Wereblood
  3123 | D:4      | Found a sparkling altar of Nemelex Xobeh.
  3127 | D:4      | Reached skill level 4 in Axes
  3246 | D:4      | Noticed an ogre
  3269 | D:4      | Reached skill level 5 in Shields
  3824 | D:4      | Reached XP level 7. HP: 55/55 MP: 7/7
  4181 | D:4      | Found a snail-covered altar of Cheibriados.
  4196 | D:4      | Became a worshipper of Cheibriados the Contemplative
  4464 | D:4      | Reached skill level 5 in Axes
  4564 | D:5      | Entered Level 5 of the Dungeon
  4589 | D:5      | Found a sand-covered staircase.
  4623 | Ossuary  | Entered an ossuary
  4650 | Ossuary  | Reached skill level 5 in Fighting
  4650 | Ossuary  | Reached skill level 5 in Armour
  4803 | Ossuary  | Reached XP level 8. HP: 62/62 MP: 8/8
  4808 | Ossuary  | Reached * piety under Cheibriados
  5126 | Ossuary  | Reached skill level 6 in Axes
  5272 | D:5      | Found a staircase to the Ecumenical Temple.
  5284 | Temple   | Entered the Ecumenical Temple
  5432 | D:5      | Reached ** piety under Cheibriados
  5839 | D:5      | Found a glowing golden altar of the Shining One.
  5849 | D:5      | Found a hazy altar of Hepliaklqana.
  5987 | D:6      | Found a white marble altar of Elyvilon.
  6031 | D:6      | Found a glowing drain.
  6047 | Sewer    | Entered a sewer
  6224 | Sewer    | Reached *** piety under Cheibriados
  6295 | Sewer    | Reached XP level 9. HP: 69/69 MP: 9/9
  6591 | D:6      | Reached skill level 7 in Axes
  6710 | D:6      | Found a radiant altar of Vehumet.
  7806 | D:7      | Noticed Joseph
  7830 | D:7      | Killed Joseph
  7831 | D:7      | Reached skill level 8 in Axes
  8205 | D:7      | Reached **** piety under Cheibriados
  8617 | D:8      | Reached XP level 10. HP: 73/79 MP: 8/10
  8730 | D:8      | Reached skill level 9 in Axes
  8857 | D:8      | Noticed a two-headed ogre
  8864 | D:8      | Killed a two-headed ogre
  9173 | D:8      | Found a stormy altar of Qazlal.
  9374 | D:8      | Found a shimmering altar of Xom.
  9377 | D:8      | Noticed an angel
  9381 | D:8      | Found a glowing silver altar of Zin.
  9540 | D:8      | Found a staircase to the Lair.
  9807 | Lair:1   | Entered Level 1 of the Lair of Beasts
  9807 | Lair:1   | Noticed a cane toad
  9813 | Lair:1   | Killed a cane toad
  9824 | Lair:1   | Reached skill level 10 in Axes
  9824 | Lair:1   | Reached skill level 1 in Spellcasting
  9825 | Lair:1   | Reached XP level 11. HP: 68/87 MP: 8/12
  9849 | Lair:1   | Noticed a seven-headed hydra
  9866 | Lair:1   | Killed a one-headed hydra
  9967 | Lair:1   | Reached ***** piety under Cheibriados
  9977 | Lair:1   | Noticed a seven-headed hydra
  9994 | Lair:1   | Killed a one-headed hydra
  9995 | Lair:1   | Reached skill level 11 in Axes
 10305 | Lair:1   | Noticed a four-headed hydra
 10315 | Lair:1   | Killed a one-headed hydra
 10623 | Lair:1   | Reached XP level 12. HP: 83/96 MP: 13/18
 10840 | Lair:1   | Noticed an eight-headed hydra
 10853 | Lair:1   | Killed a one-headed hydra
 11228 | Lair:1   | Noticed an eight-headed hydra
 11238 | Lair:1   | Killed a two-headed hydra
 11239 | Lair:1   | Reached skill level 10 in Fighting
 11239 | Lair:1   | Reached skill level 12 in Axes
 11239 | Lair:1   | Reached skill level 5 in Spellcasting
 11240 | Lair:1   | Reached skill level 10 in Armour
 11976 | Lair:2   | Found a staircase to the Shoals.
 12473 | Lair:2   | Found a staircase to the Snake Pit.
 12486 | Lair:2   | Reached XP level 13. HP: 99/104 MP: 20/22
 12498 | Lair:2   | Reached skill level 13 in Axes
 13048 | Lair:3   | Noticed Fannar
 13059 | Lair:3   | Killed Fannar
 13230 | Lair:3   | Reached ****** piety under Cheibriados
 13347 | Lair:3   | Found a radiant altar of Vehumet.
 13365 | Lair:3   | Noticed a five-headed hydra
 13377 | Lair:3   | Killed a one-headed hydra
 13378 | Lair:3   | Reached skill level 1 in Transmutations
 13532 | Lair:3   | Noticed a five-headed hydra
 13542 | Lair:3   | Killed a one-headed hydra
 14136 | Lair:4   | Noticed a five-headed hydra
 14145 | Lair:4   | Killed a one-headed hydra
 14156 | Lair:4   | Reached skill level 14 in Axes
 14476 | Lair:4   | Noticed an eight-headed hydra
 14485 | Lair:4   | Killed a four-headed hydra
 15398 | Lair:5   | Noticed an eight-headed hydra
 15406 | Lair:5   | Killed a three-headed hydra
 15407 | Lair:5   | Reached XP level 14. HP: 95/114 MP: 18/23
 15572 | Lair:5   | Found a gate leading to a gauntlet.
 15587 | Gauntlet | Entered a Gauntlet
 15587 | Gauntlet | Found a transporter.
 15587 | Gauntlet | Found a transporter.
 15587 | Gauntlet | Found a transporter.
 15590 | Gauntlet | Found a transporter.
 15591 | Gauntlet | Found a transporter.
 15629 | Gauntlet | Found a transporter.
 15652 | Gauntlet | Found a transporter.
 15691 | Gauntlet | Found a transporter.
 15703 | Gauntlet | Found a transporter.
 15719 | Gauntlet | Found a transporter.
 15727 | Gauntlet | Found a transporter.
 15744 | Gauntlet | Found a transporter.
 16081 | Gauntlet | Identified the +2 hat of the Eternal Fruit {Will+++ Str+7
                  | Int-3 Dex-3}
 16112 | Gauntlet | Learned a level 1 spell: Corona
 16137 | Gauntlet | Reached skill level 5 in Transmutations
 16491 | Gauntlet | Noticed a minotaur
 16503 | Gauntlet | Killed a minotaur
 16513 | Gauntlet | Got the Grimoire of Confrontation
 16513 | Gauntlet | Got the Handbook of Feathers and Curses
 17371 | Lair:5   | Learned a level 4 spell: Passage of Golubria
 17436 | Lair:5   | Reached skill level 15 in Axes
 17966 | Lair:6   | Entered Level 6 of the Lair of Beasts
 18037 | Lair:6   | Found a bloodstained altar of Trog.
 18314 | Lair:6   | Reached skill level 1 in Invocations
 18450 | Lair:6   | Found a runed translucent door.
 19156 | Lair:6   | Identified the +0 scale mail "Hagyuj" {rElec rN+ Int+6
                  | Dex-3}
 19621 | Lair:6   | Reached XP level 15. HP: 113/122 MP: 21/24
 19967 | Lair:6   | Found a staircase to the Slime Pits.
 20080 | Lair:6   | Reached skill level 5 in Invocations
 20187 | Lair:6   | HP: 6/122 [catoblepas (15)]
 20188 | Lair:6   | Demolished by a catoblepas

Illustrated notes

Levels and vault maps discovered:
D:1:      nagdon_arrival_double_spiral, layout_basic, serial_shops,
          nicolae_lakefront_shop, chequers_serial_rivers_micro_e
D:2:      layout_loops_cross, minmay_3d_cube
D:3:      layout_loops_ring, lemuel_doored_altar,
          mainiacjoe_overflow_six_doors_small
D:4:      layout_cave_pods, mainiacjoe_overflow_cross_hatched, slow_altar_2,
          gammafunk_ghost_smash
D:5:      layout_rooms, mainiacjoe_overflow_big_doors,
          minmay_temple_entry_wispy, nicolae_ossuary_entry_false_entrances,
          chequers_serial_rivers_large_b, kennysheep_opposing_triangles
D:6:      layout_loops_ring, mainiacjoe_overflow_tiny_flanked, vehumet_statue,
          portal_sewer_entry_e
D:7:      layout_gridville, uniq_joseph
D:8:      layout_loops_ring, grunt_temple_overflow_order_and_chaos_1,
          grunt_qazlal_sundering, lair_entry_dummy, minmay_ruffians
D:9:      lemuel_insect_pit, layout_basic
Temple:   pf_slimified_temple
Lair:1:   layout_concentric_octagons, minmay_shattered_shrine,
          infiniplex_staircase_pool_2, grunt_megastairs_1
Lair:2:   layout_chaotic_city, elwin_shoals_entry_stream,
          minmay_snake_entry_six_corridors
Lair:3:   layout_hall_layers, basic_altar, beast_lair_carwin_6,
          grunt_megastairs_5, serial_bayou_shore_b, minmay_lair_oklob_chamber,
          uniq_fannar
Lair:4:   layout_hall_layers
Lair:5:   layout_regular_city, serial_bayou, serial_bayou_lake_a,
          serial_bayou_shore_a, serial_bayou_pond_d, serial_bayou_lagoon_a,
          gauntlet_entry_generic, chequers_serial_rivers_micro_e,
          grunt_forest_large_clearing_hut
Lair:6:   wormcave, layout_cellular_growth, guppyfry_lair_end_dragon,
          slime_dummy, eino_small_chamber_without_monster, lemuel_centaur_altar

Skill      XL: |  1  2  3  4  5  6  7  8  9 10 11 12 13 14 15 |
---------------+----------------------------------------------+-----
Shields        | 4 5 6 8 9 |  9.0
Axes           | 3 4 5 6 8 10 11 12 14 15 | 15.6
Armour         | 4 5 6 7 8 9 10 11 12 | 12.8
Fighting       | 4 5 6 7 8 9 10 11 12 | 12.8
Spellcasting   | 1 4 6 |  6.0
Transmutations | 4 6 |  6.0
Invocations    | 3 5 |  5.4

Action                   |  1- 3 |  4- 6 |  7- 9 | 10-12 | 13-15 || total
-------------------------+-------+-------+-------+-------+-------++-------
Melee: War axe           |    92 |   170 |   438 |   112 |       ||   812
       Battleaxe         |       |       |       |   174 |   457 ||   631
       Hand axe          |       |       |       |    53 |   100 ||   153
Throw: Javelin           |       |       |       |       |     3 ||     3
 Cast: Wereblood         |       |       |       |     4 |    20 ||    24
       Corona            |       |       |       |       |     2 ||     2
Invok: Bend Time         |       |       |       |     1 |       ||     1
 Abil: Dig               |       |     4 |     2 |     3 |    13 ||    22
Evoke: Wand              |       |     1 |       |       |       ||     1
  Use: Scroll            |       |     1 |    12 |       |     9 ||    22
       Potion            |       |     2 |     3 |     5 |     7 ||    17
 Stab: Sleeping          |       |       |       |       |     1 ||     1
       Petrified         |       |       |       |       |     1 ||     1
Armor: Scale mail        |    34 |    70 |   134 |       |       ||   238
       Swamp dragon scal |       |       |    33 |   119 |    64 ||   216
       Skin              |       |       |     1 |       |       ||     1
       Pearl dragon scal |       |       |       |       |   107 ||   107
Dodge: Dodged            |    42 |    99 |   228 |   129 |   159 ||   657
Block: Kite shield       |    57 |   113 |   289 |   248 |   348 ||  1055
